 Dungeon Crawl Stone Soup version 0.18.1-50-g88ac8fd (webtiles) character file.

267 Lovchig the Covert (level 6, -6/42 HPs)
             Began as an Octopode Assassin on Sept 15, 2016.
             Was an Initiate of Gozag.
             Mangled by go0n's ghost (16 damage)
             ... on level 4 of the Dungeon.
             The game lasted 00:09:44 (2805 turns).

Lovchig the Covert (Octopode Assassin)              Turns: 2805, Time: 00:09:46

Health: -6/42      AC:  1    Str: 10    XL:     6   Next: 21%
Magic:  6/6        EV: 13    Int: 15    God:    Gozag
Gold:   317        SH:  5    Dex: 18    Spells: 0 memorised, 5 levels left

rFire  . . .     SeeInvis .     m - +2 dagger (venom)
rCold  . . .     Gourm    .     (no shield)
rNeg   . . .     Faith    .     (helmet restricted)
rPois  .         Spirit   .     k - +5 amulet of reflection
rElec  .         Dismiss  .     (no ring)
rCorr  .         Reflect  +     (no ring)
SustAt .         Harm     .     (no ring)
MR     .....     Clarity  +     (no ring)
Stlth  ++++++....               (no ring)
                                (no ring)
                                (no ring)
                                (no ring)

@: not resistant to hostile enchantments, very stealthy
A: almost no armour, amphibious, 8 rings, constrict 8, camouflage 1, agile 1,
clarity, clever 1, gelatinous body 1
a: Potion Petition, Call Merchant, Bribe Branch, Renounce Religion


You were on level 4 of the Dungeon.
You worshipped Gozag.
Gozag was noncommittal.
You were near starving.

You visited 1 branch of the dungeon, and saw 4 of its levels.

You collected 365 gold pieces.
You paid 48 gold pieces to Gozag.

Inventory:

Hand Weapons
 a - a +2 dagger
 m - a +2 dagger of venom (weapon)
Jewellery
 k - a +5 amulet of reflection (around mantle)
 s - an uncursed amulet of magic regeneration {unknown}
Scrolls
 b - a scroll of fear
 p - a scroll of enchant armour
Potions
 d - a potion of flight
 e - a potion of berserk rage
 g - a potion of cancellation {unknown}
 i - a potion of curing {unknown}
 j - a potion of lignification
 n - a potion of haste {unknown}
 o - a potion of agility {unknown}
Comestibles
 c - 4 fruits
 f - 3 bread rations
 h - 3 meat rations
 l - a slice of pizza
 q - a beef jerky


   Skills:
 * Level 3.0 Fighting
 * Level 2.5 Short Blades
 - Level 2.0 Throwing
 * Level 2.1 Dodging
 * Level 8.8 Stealth


You had 5 spell levels left.
You didn't know any spells.

Dungeon Overview and Level Annotations

Branches:
Dungeon (4/15)
 Temple: D:4-7

Altars:
Gozag
Ru
Zin

Annotations:
D:4 go0n's ghost, amateur TrBe


Innate Abilities, Weirdness & Mutations

You cannot wear most types of armour.
You are amphibious.
You can wear up to eight rings at the same time.
You can use your tentacles to constrict eight enemies at once.
Your skin changes colour to match your surroundings (Stealth).
Your rubbery body absorbs attacks (AC +1).
You are agile. (Dex +2)
You possess an exceptional clarity of mind.
Your mind is acute. (Int +2)


Message History

Drink which item? (? for menu, Esc to quit)
You're too hungry to go berserk.
You closely miss go0n's ghost.
Go0n's ghost is lightly damaged.
Go0n's ghost closely misses you.
You hit go0n's ghost.
Go0n's ghost is lightly damaged.
Go0n's ghost closely misses you.
You barely miss go0n's ghost.
Go0n's ghost is lightly damaged.
Go0n's ghost hits you!
* * * LOW HITPOINT WARNING * * *
Read which item? (? for menu, Esc to quit)
As you read the scroll labeled PEAPOVVIPEC, it crumbles to dust.
You hear a loud clanging noise!
It was a scroll of noise.
You hear a shout! x3
Go0n's ghost hits you!
You die...
Your body crumbles into a pile of gold.

.................................
.................................
.................................
.................................
.................................
.................................
.................................
.................W......)........
........r.....@................
............................... $
........................
........................
#.......................
#..........#...........
#.........##...........
#........###..........


You could see go0n's ghost and a quokka.

Vanquished Creatures
  3 orc wizards
  An orc priest (D:4)
  An iguana (D:4)
  4 adders
  A worm (D:3)
  A dart slug (D:3)
  2 giant geckos
  12 orcs
  5 bats
  5 giant cockroaches
  8 goblins
  10 hobgoblins
  5 jackals
  5 kobolds
  2 quokkas
  A giant gecko skeleton (D:4)
  5 giant newts
  7 rats
78 creatures vanquished.

Notes
Turn   | Place    | Note
--------------------------------------------------------------
     0 | D:1      | Lovchig the Octopode Assassin began the quest for the Orb.
     0 | D:1      | Reached XP level 1. HP: 14/14 MP: 1/1
   146 | D:1      | Reached XP level 2. HP: 19/19 MP: 2/2
   411 | D:1      | Reached skill level 6 in Stealth
   875 | D:1      | Reached XP level 3. HP: 24/24 MP: 3/3
  1281 | D:2      | Gained mutation: You possess an exceptional clarity of mind. [potion of mutation]
  1281 | D:2      | Gained mutation: You are agile. (Dex +2) [potion of mutation]
  1281 | D:2      | Gained mutation: Your mind is acute. (Int +2) [potion of mutation]
  1282 | D:2      | Gained mutation: You expend magic power (3 MP) to strengthen your wands. [potion of mutation]
  1282 | D:2      | Gained mutation: You are frail (-10% HP). [potion of mutation]
  1386 | D:2      | Lost mutation: You expend magic power (3 MP) to strengthen your wands. [potion of cure mutation]
  1386 | D:2      | Lost mutation: You are frail (-10% HP). [potion of cure mutation]
  1819 | D:3      | Reached skill level 7 in Stealth
  1823 | D:3      | Reached XP level 4. HP: 21/30 MP: 4/4
  1846 | D:3      | Reached XP level 5. HP: 18/35 MP: 5/5
  1985 | D:3      | Reached skill level 8 in Stealth
  2049 | D:3      | Found an opulent altar of Gozag.
  2050 | D:3      | Found a glowing silver altar of Zin.
  2050 | D:3      | Found a sacrificial altar of Ru.
  2056 | D:3      | Became a worshipper of Gozag Ym Sagoz the Greedy
  2634 | D:4      | Reached XP level 6. HP: 38/41 MP: 6/6
  2788 | D:4      | Noticed go0n's ghost (amateur TrBe)
  2805 | D:4      | Mangled by go0n's ghost

Skill      XL: |  1  2  3  4  5  6 |
---------------+-------------------+-----
Stealth        | 6 7 8 |  8.8
Dodging        | 2 |  2.1
Fighting       | 3 |  3.0
Short Blades   | |  2.5
Throwing       | |  2.0

Action                   |  1- 3 |  4- 6 || total
-------------------------+-------+-------++-------
Melee: Dagger            |    58 |    76 ||   134
       Constrict         |    11 |    13 ||    24
       Tentacles         |     8 |    12 ||    20
  Use: Scroll            |     9 |     4 ||    13
       Potion            |     3 |     2 ||     5
 Stab: Sleeping          |    18 |    16 ||    34
       Distracted        |       |     1 ||     1
  Eat: Chunk             |     3 |     1 ||     4
Armor: Skin              |     2 |     1 ||     3
Dodge: Dodged            |    16 |    25 ||    41
Block: Other             |     2 |     6 ||     8
